 Dungeon Crawl Stone Soup version 0.20.1-1-g8b1a95d (webtiles) character file.

4275 vatarom the Destroyer (level 10, -4/84 HPs)
             Began as a Red Draconian Wizard on Oct 16, 2017.
             Was a Follower of Vehumet.
             Slain by an orc warrior
             ... wielding a cursed -1 glaive
              (9 damage)
             ... on level 9 of the Dungeon.
             The game lasted 00:31:31 (13150 turns).

vatarom the Destroyer (Red Draconian Wizard)       Turns: 13150, Time: 00:31:32

Health: -4/84      AC:  9    Str:  8 (9)  XL:     10   Next: 10%
Magic:  8/19       EV: 12    Int: 29 (30) God:    Vehumet [*.....]
Gold:   262        SH:  0    Dex:  9 (12) Spells: 11/22 levels left

rFire    + . .     SeeInvis .   a - +1 quarterstaff (drain)
rCold    . . .     Gourm    .   (shield currently unavailable)
rNeg     . . .     Faith    .   (armour unavailable)
rPois    .         Spirit   .   s - +0 hat
rElec    .         Reflect  .   h - +1 cloak
rCorr    .         Harm     .   (no gloves)
MR       .....                  (no boots)
Stlth    ++........             C - amulet of magic regeneration
Regen    0.0/turn               p - +4 ring of intelligence
MPRegen  0.3/turn               t - +4 ring of intelligence

@: very slightly contaminated
A: breathe fire, unfitting armour, agile 1, fire resistance 1, inhibited
regeneration, wild magic 1, cold-blooded, AC +7
a: Breathe Fire, Renounce Religion


You were on level 9 of the Dungeon.
You worshipped Vehumet.
Vehumet was aware of your devotion.
You were not hungry.

You visited 2 branches of the dungeon, and saw 10 of its levels.

You collected 262 gold pieces.

Inventory:

Hand Weapons
 a - a +1 quarterstaff of draining (weapon)
 b - a +0 hunting sling
Missiles
 n - 101 stones (quivered)
Armour
 h - a +1 cloak (worn)
 s - a +0 hat (worn)
Jewellery
 p - a +4 ring of intelligence (left hand)
 t - a +4 ring of intelligence (right hand)
 y - a +2 ring of strength
 C - an amulet of magic regeneration (around neck)
 H - an uncursed ring of protection from cold {unknown}
Wands
 q - a wand of acid (0/15)
 r - a wand of flame (27/48)
 D - a wand of confusion (28/48)
 G - a wand of enslavement (14/24)
Scrolls
 f - 3 scrolls of identify
 j - 2 scrolls of amnesia
 l - 2 scrolls of recharging
 u - a scroll of blinking {unknown}
 w - a scroll of brand weapon
 B - a scroll of fog
 E - 5 scrolls of remove curse
Potions
 d - 2 potions of flight
 e - 2 potions of brilliance
 g - a potion of haste
 m - a potion of agility
 o - 3 potions of might
Books
 i - a book of Minor Magic

   Spells                             Type                      Level
   a - Magic Dart                     Conjuration                  1
   b - Blink                          Translocation                2
   c - Call Imp                       Summoning                    2
   d - Slow                           Hexes                        2
   e - Conjure Flame                  Conjuration/Fire             3
   f - Mephitic Cloud                 Conjuration/Poison/Air       3
Comestibles
 c - 6 bread rations
 k - 2 royal jellies
 v - 4 meat rations
 x - 28 fruits


   Skills:
 + Level 6.4 Fighting
 - Level 1.7 Dodging
 - Level 1.7 Stealth
 + Level 6.5 Spellcasting
 * Level 9.3 Conjurations
 - Level 1.0 Summonings
 - Level 1.0 Translocations
 * Level 8.7 Fire Magic


You had 11 spell levels left.
You knew the following spells:

 Your Spells              Type           Power        Failure   Level  Hunger
a - Magic Dart            Conj           ####         1%          1    None
b - Blink                 Tloc           N/A          9%          2    None
c - Call Imp              Summ           ###.....     9%          2    None
d - Mephitic Cloud        Conj/Pois/Air  #####...     7%          3    None
e - Conjure Flame         Conj/Fire      ######..     1%          3    None


Dungeon Overview and Level Annotations

Branches:
Dungeon (9/15)             Temple (1/1) D:7
   Lair: D:8-11         Orc: D:9-12

Altars:
Ashenzari
Dithmenos
Elyvilon
Fedhas
Gozag
Hepliaklqana
Kikubaaqudgha
Makhleb
Nemelex Xobeh
Okawaru
Qazlal
Ru
Sif Muna
Trog
Uskayaw
Vehumet
Xom
Yredelemnul
Zin
The Shining One

Shops:
D:4 }   D:6 (


Innate Abilities, Weirdness & Mutations

You can breathe blasts of fire.
Your fiery red scales are hard. (AC +7)
You cannot fit into any form of body armour.
Your flesh is heat resistant. (rF+)
You are cold-blooded and may be slowed by cold attacks.
You are agile. (Dex +2)
You do not regenerate when monsters are visible.
Your spells are a little harder to cast, but a little more powerful.


Message History

Your crimson imp blinks!
Your white imp hits the orc warrior but does no damage.
The orc warrior hits your white imp with an enchanted glaive!
Your white imp dies!
Your crimson imp hits the orc warrior but does no damage.
Your crimson imp hits the orc warrior but does no damage.
Casting: Call Imp
Confirm with . or Enter, or press ? or * to list all spells.
A beastly little devil appears in a puff of flame.
Your crimson imp hits the orc warrior but does no damage.
Casting: Call Imp
Confirm with . or Enter, or press ? or * to list all spells.
A shadowy apparition takes form in the air.
Your crimson imp blinks!
Unknown command.
Your crimson imp hits the orc warrior but does no damage.
You swap places.
Your crimson imp disappears in a puff of smoke!
The orc warrior hits you from afar with an enchanted glaive!
You die...

##########
#........#
#.....@5.#
#........#
###########......o.#
#............)†..55#
#..$............§..+
#..................#
#..................#
#...........=......#
#.......####.......'


You could see an orc warrior, 2 friendly crimson imps and a friendly shadow imp.

Vanquished Creatures
  A two-headed ogre (D:8)
  2 hippogriffs
  3 orc warriors
  2 sky beasts
  2 black bears
  2 ice beasts
  2 ogres (D:8)
  A centaur (D:6)
  Blork the orc (D:6)
  2 big kobolds
  3 bullfrogs
  2 scorpions (D:5)
  2 killer bees (D:9)
  3 wights (D:7)
  A howler monkey (D:4)
  2 crimson imps
  A centaur zombie (D:8)
  5 hounds
  A bullfrog skeleton (D:5)
  10 orc priests
  2 jellies
  11 orc wizards
  An iguana (D:4)
  8 worker ants
  A hound zombie (D:6)
  A hound skeleton (D:8)
  A howler monkey zombie (D:6)
  A howler monkey skeleton (D:5)
  14 adders
  A shadow imp (D:7)
  An ooze (D:2)
  An adder zombie (D:6)
  An adder skeleton (D:5)
  A worm (D:2)
  2 dart slugs
  A leopard gecko (D:6)
  36 orcs
  3 ball pythons
  5 giant cockroaches
  8 goblins
  10 hobgoblins
  12 jackals
  11 kobolds
  2 quokkas
  10 bats
  6 frilled lizards
  A jackal zombie (D:6)
  A leopard gecko skeleton (D:6)
  21 rats
222 creatures vanquished.

Vanquished Creatures (collateral kills)
  An orc wizard (D:9)
1 creature vanquished.

Grand Total: 223 creatures vanquished

Notes
Turn   | Place    | Note
-------+----------+-------------------------------------------
     0 | D:1      | vatarom the Draconian Wizard began the quest for the Orb.
     0 | D:1      | Reached XP level 1. HP: 14/14 MP: 4/4
   392 | D:1      | Reached XP level 2. HP: 20/20 MP: 1/6
   420 | D:1      | Reached skill level 2 in Conjurations
   436 | D:1      | Learned a level 2 spell: Blink
   729 | D:1      | Learned a level 2 spell: Call Imp
  1261 | D:1      | Reached XP level 3. HP: 19/26 MP: 2/7
  1342 | D:1      | Learned a level 3 spell: Mephitic Cloud
  2012 | D:2      | Reached skill level 3 in Conjurations
  2268 | D:2      | Reached XP level 4. HP: 30/33 MP: 5/9
  3147 | D:3      | Learned a level 3 spell: Conjure Flame
  3259 | D:3      | Found a white marble altar of Elyvilon.
  3268 | D:3      | Reached skill level 4 in Conjurations
  3268 | D:3      | Reached XP level 5. HP: 17/39 MP: 5/11
  3895 | D:3      | Reached skill level 1 in Fighting
  4217 | D:3      | Found an opulent altar of Gozag.
  4837 | D:4      | Noticed a troll
  4887 | D:3      | Gained mutation: You are clumsy. (Dex -2) [potion of mutation]
  4887 | D:3      | Gained mutation: You have large cloven feet. [potion of mutation]
  4902 | D:3      | Reached XP level 6. HP: 29/47 MP: 0/12
  5646 | D:4      | Reached skill level 5 in Conjurations
  6828 | D:4      | Your scales start taking on a fiery red colour.
  6828 | D:4      | Reached XP level 7. HP: 37/56 MP: 0/14
  6828 | D:4      | Gained mutation: Your flesh is heat resistant. (rF+) [Red Draconian growth]
  7045 | D:4      | Found Kisiar's Gadget Emporium.
  7215 | D:5      | Entered Level 5 of the Dungeon
  7483 | D:5      | Reached skill level 1 in Fire Magic
  7716 | D:5      | Found a hide-covered altar of Uskayaw.
  7812 | D:5      | Reached skill level 6 in Conjurations
  8833 | D:6      | Reached skill level 5 in Spellcasting
  8897 | D:6      | Reached XP level 8. HP: 63/66 MP: 9/15
  9167 | D:6      | Noticed Blork the orc
  9174 | D:6      | Killed Blork the orc
  9183 | D:6      | Found a deep blue altar of Sif Muna.
  9227 | D:6      | Reached skill level 7 in Conjurations
  9394 | D:6      | Found Vocuiq's Weapon Shop.
  9440 | D:6      | Lost mutation: You are clumsy. (Dex -2) [potion of mutation]
  9440 | D:6      | Lost mutation: You have large cloven feet. [potion of mutation]
  9440 | D:6      | Gained mutation: You have a pair of small antennae on your head. [potion of mutation]
  9440 | D:6      | Gained mutation: Scrolls take you a little longer to read. [potion of mutation]
  9440 | D:6      | Gained mutation: Your system is resistant to poisons. (rPois) [potion of mutation]
  9680 | D:6      | Noticed a hippogriff
  9686 | D:6      | Killed a hippogriff
  9686 | D:6      | Reached skill level 5 in Fire Magic
 10690 | D:7      | Found a staircase to the Ecumenical Temple.
 10697 | Temple   | Entered the Ecumenical Temple
 10916 | D:7      | Reached XP level 9. HP: 72/72 MP: 13/17
 10955 | D:7      | Found a sparkling altar of Nemelex Xobeh.
 11199 | D:7      | Reached skill level 5 in Fighting
 11243 | D:7      | Found a radiant altar of Vehumet.
 11246 | D:7      | Became a worshipper of Vehumet
 11387 | D:7      | Reached skill level 8 in Conjurations
 12106 | D:8      | Noticed a two-headed ogre
 12132 | D:8      | Killed a two-headed ogre
 12215 | D:8      | Identified Ikam's Tome of the Damaging Glacier
 12351 | D:8      | Reached skill level 9 in Conjurations
 12383 | D:8      | Reached * piety under Vehumet
 12383 | D:8      | Offered knowledge of Flame Tongue by Vehumet.
 12743 | D:8      | Reached XP level 10. HP: 61/83 MP: 10/19
 12833 | D:8      | Lost mutation: You have a pair of small antennae on your head. [potion of mutation]
 12833 | D:8      | Lost mutation: Scrolls take you a little longer to read. [potion of mutation]
 12833 | D:8      | Lost mutation: Your system is resistant to poisons. (rPois) [potion of mutation]
 12833 | D:8      | Gained mutation: Your spells are a little harder to cast, but a little more powerful. [potion of mutation]
 12833 | D:8      | Gained mutation: You do not regenerate when monsters are visible. [potion of mutation]
 12833 | D:8      | Gained mutation: You are agile. (Dex +2) [potion of mutation]
 13150 | D:9      | Slain by an orc warrior

Skill      XL: |  1  2  3  4  5  6  7  8  9 |
---------------+----------------------------+-----
Conjurations   | 2 3 4 5 6 7 9 |  9.3
Spellcasting   | 4 5 6 |  6.5
Fighting       | 1 2 3 4 6 |  6.4
Fire Magic     | 3 6 8 |  8.7
Dodging        | |  1.7
Stealth        | |  1.7
Summonings     | |  1.0
Translocations | |  1.0

Action                   |  1- 3 |  4- 6 |  7- 9 | 10-12 || total
-------------------------+-------+-------+-------+-------++-------
Melee: Unarmed           |    10 |       |       |       ||    10
       Dagger            |     3 |       |       |       ||     3
       Tailslap          |     2 |     4 |    13 |     1 ||    20
       Short sword       |    31 |    61 |       |       ||    92
       Kick              |       |     1 |     6 |       ||     7
       Falchion          |       |       |    77 |       ||    77
       Quarterstaff      |       |       |   124 |    19 ||   143
 Fire: Hunting sling     |       |    30 |    24 |       ||    54
 Cast: Magic Dart        |    80 |   218 |   264 |    37 ||   599
       Mephitic Cloud    |       |     3 |    22 |     3 ||    28
       Blink             |       |     2 |       |       ||     2
       Conjure Flame     |       |     1 |     6 |       ||     7
       Call Imp          |       |       |       |     7 ||     7
 Abil: Breathe Fire      |       |       |     9 |     3 ||    12
Evoke: Wand              |       |       |     2 |       ||     2
  Use: Scroll            |     4 |     8 |     9 |       ||    21
       Potion            |     1 |     7 |     3 |     7 ||    18
 Stab: Sleeping          |     2 |       |       |       ||     2
       Confused          |       |       |     3 |       ||     3
  Eat: Chunk             |     1 |     5 |     6 |       ||    12
       Meat ration       |     1 |       |       |       ||     1
       Bread ration      |       |     2 |     3 |       ||     5
       Fruit             |       |       |     1 |       ||     1
Armor: Skin              |    29 |    66 |   129 |    18 ||   242
Dodge: Dodged            |    46 |   108 |   182 |    37 ||   373
       Rpst.: Falchion   |       |       |    22 |       ||    22
